 Dungeon Crawl Stone Soup version 0.31.0-12-g77e489cdc1 (webtiles) character file.

Game seed: 9012395962324314426

316 Doomgape the Sneak (level 6, -7/35 HPs)
             Began as a Kobold Brigand on Feb 11, 2024.
             Blown up by Ijyb (16 damage)
             ... with a mindburst bolt
             ... on level 4 of the Dungeon.
             The game lasted 00:11:51 (4401 turns).

Doomgape the Sneak (Kobold Brigand)                 Turns: 4401, Time: 00:11:51

Health: -7/35      AC:  4    Str:  8    XL:     6   Next: 73%
Magic:  6/6        EV: 13    Int: 13    God:
Gold:   258        SH:  0    Dex: 18    Spells: 5/5 levels left

rFire   + . .        t - +7 short sword of the Hurling Queen {flame, rF+ SInv}
rCold   . . .        (no shield)
rNeg    . . .        l - +0 leather armour
rPois   .            (no helmet)
rElec   .            c - +0 cloak
rCorr   .            (no gloves)
SInv    +            (no boots)
Will    .....        (no amulet)
Stlth   ++           (no ring)
HPRegen 0.25/turn    (no ring)
MPRegen 0.10/turn

%: no passive effects
@: confused, ambrosia-drunk
A: small, no large weapons, nightstalker 3
a: no special abilities


You were on level 4 of the Dungeon.
You visited 1 branch of the dungeon, and saw 4 of its levels.

You collected 286 gold pieces.
You spent 28 gold pieces at shops.

Inventory:

Hand Weapons
 t - the +7 short sword of the Hurling Queen (weapon) {flame, rF+ SInv}
   (You found it on level 3 of the Dungeon)

   rF+:       It protects you from fire.
   SInv:      It lets you see invisible.
Missiles
 d - 7 poisoned darts (quivered)
 e - 3 curare-tipped darts
Armour
 c - a +0 cloak (worn)
 l - a +0 leather armour (worn)
Jewellery
 b - a ring of see invisible
 p - a ring of flight
Wands
 o - a wand of paralysis (9)
Scrolls
 a - a scroll of summoning
 f - 2 scrolls of teleportation
 g - a scroll of blinking
 j - a scroll of immolation
 m - 3 scrolls of identify
 n - a scroll of amnesia {unknown}
 s - a scroll of silence {unknown}
Potions
 h - a potion of degeneration {unknown}
 i - 2 potions of might
 k - a potion of cancellation


   Skills:
 - Level 2.1 Fighting
 + Level 5.5 Short Blades
 + Level 4.4 Throwing
 - Level 1.2 Dodging
 + Level 7.4 Stealth


You had 5 spell levels left.
You didn't know any spells.
Your spell library contained the following spells:

 Spells                   Type           Power      Damage    Failure   Level
 Apportation              Tloc           0%         N/A       41%         1
 Necrotise                Necr           0%         1d4       41%         1
 Sting                    Conj/Alch      0%         1d3       41%         1
 Summon Small Mammal      Summ           0%         N/A       41%         1


Dungeon Overview and Level Annotations

Branches:
Dungeon (4/15)
 Temple: D:4-7

Altars:
Cheibriados
Vehumet

Shops:
D:1 :   D:2 ?

Annotations:
D:4 Ijyb


Innate Abilities, Weirdness & Mutations

You are small and have problems with some larger weapons.
You are completely attuned to the shadows.


Message History

You throw a poisoned dart. The poisoned dart barely misses Ijyb.
Ijyb zaps a wand.
Your mind is blasted!
Ouch! That really hurt!
* * * LOW HITPOINT WARNING * * *
The quokka bites you.
* * * LOW HITPOINT WARNING * * *
It was a potion of cancellation.
You feel magically purged. Ijyb hits you with a +0 club.
* * * LOW HITPOINT WARNING * * *
The quokka misses you.
It was a potion of heal wounds.
You feel much better. Ijyb barely misses you.
The quokka bites you but does no damage.
Unknown command.
Throw: 9 darts (poison)
Press: ? - help, Q - select action, (/) - cycle Shift-Dir - straight line, f/p - Ijyb
Aim: Ijyb, wielding a +0 club, wearing a +0 leather armour and carrying a wand of mindburst (55% to hit)
You throw a poisoned dart. The poisoned dart misses Ijyb.
Ijyb zaps a wand.
You barely resist. The quokka closely misses you.
Throw: 8 darts (poison)
Press: ? - help, Q - select action, (/) - cycle Shift-Dir - straight line, f/p - Ijyb
Aim: Ijyb, wielding a +0 club, wearing a +0 leather armour and carrying a wand of mindburst (55% to hit)
You throw a poisoned dart. The poisoned dart hits Ijyb!
Ijyb is poisoned.
Ijyb hits you with a +0 club. The quokka closely misses you.
You puncture Ijyb! You burn Ijyb.
Ijyb is heavily wounded.
Ijyb zaps a wand.
Your mind is blasted!
* * * LOW HITPOINT WARNING * * *
The quokka bites you but does no damage.
You barely miss Ijyb.
Ijyb is heavily wounded.
Unknown command.
You barely miss Ijyb.
Ijyb is heavily wounded.
The quokka barely misses you. Ijyb barely misses you.
Unknown command.
It was a potion of ambrosia.
You are confused.
You feel invigorated. The quokka barely misses you.
Ijyb zaps a wand.
Your mind is blasted!
You die...

s.....######...(.#
...........######.#
......####.######.####
...........#..........
......######..........
......# #..........
..!...# #..........
......# #..........
.....@# #..).......
#....rg... #.........^
......... #..........
......... #####'#####
....?...( ##....#
....#).#### .....#.##
.....#.# .....#.#


You could see Ijyb (poisoned) and a quokka.

Vanquished Creatures
  Blork the orc (D:4)
  A scorpion (D:4)
  2 orc priests (D:3)
  An iguana (D:4)
  An adder (D:2)
  2 dart slugs (D:2)
  3 ribbon worms
  6 orcs (D:3)
  11 endoplasms
  4 giant cockroaches
  7 goblins
  4 hobgoblins
  2 jackals (D:2)
  A quokka (D:4)
  5 ball pythons
  4 bats
  3 frilled lizards
  9 kobolds
  9 rats
76 creatures vanquished.

Vanquished Creatures (collateral kills)
  An orc (D:3)
1 creature vanquished.

Grand Total: 77 creatures vanquished

Notes
Turn   | Place    | Note
-------+----------+-------------------------------------------
     0 | D:1      | Doomgape the Kobold Brigand began the quest for the Orb.
     0 | D:1      | Reached XP level 1. HP: 12/12 MP: 1/1
   315 | D:1      | Reached XP level 2. HP: 5/17 MP: 2/2
  1031 | D:1      | Found Lameibli's Book Shop.
  1034 | D:1      | Reached XP level 3. HP: 21/21 MP: 3/3
  1404 | D:2      | Reached skill level 6 in Stealth
  1698 | D:2      | Found Zegey's Magic Scroll Emporium.
  1711 | D:2      | Bought a scroll of identify for 28 gold pieces
  1776 | D:2      | Reached XP level 4. HP: 26/26 MP: 4/4
  3030 | D:3      | HP: 1/26 [orc priest/+0 dagger (3)]
  3036 | D:3      | Reached XP level 5. HP: 8/30 MP: 5/5
  3943 | D:3      | Identified the +7 short sword of the Hurling Queen {flame,
                  | rF+ SInv}
  4187 | D:4      | Reached skill level 5 in Short Blades
  4187 | D:4      | Reached skill level 7 in Stealth
  4187 | D:4      | Reached XP level 6. HP: 35/35 MP: 6/6
  4217 | D:4      | Found a snail-covered altar of Cheibriados.
  4229 | D:4      | Found a radiant altar of Vehumet.
  4278 | D:4      | Noticed Blork the orc
  4282 | D:4      | Killed Blork the orc
  4386 | D:4      | Noticed Ijyb
  4394 | D:4      | HP: 1/35 [Ijyb/+0 club (4)]
  4401 | D:4      | Blown up by Ijyb

Illustrated notes

Levels and vault maps discovered:
D:1:      roderic_octagonal_star, layout_loops_corners, serial_shops,
          nicolae_shop_getting_attention, st_stairs_11
D:2:      layout_loops_ring, serial_co_window_serial, co_window_cross_1,
          co_window_corner_a, co_window_paths_a, co_window_of_opportunity_a,
          co_window_paths_a, co_window_corner_a, co_window_paths_a,
          co_window_paths_c, co_window_paths_c, co_window_of_opportunity_b,
          co_window_unsneaky_path_e, co_window_2corner, co_window_4corner_a,
          co_window_sun, glass_columns_a, glass_columns_a, glass_columns_b,
          glass_columns_b, glass_columns_a, serial_shops, shop,
          minmay_misc_feat_plants
D:3:      layout_loops_ring, nicolae_twisty_statue_hallways
D:4:      layout_basic, jmf_multi_god_temple2, uniq_ijyb, uniq_blork_the_orc

Skill      XL: |  1  2  3  4  5 |
---------------+----------------+-----
Short Blades   | 3 4 5 |  5.5
Stealth        | 6 7 |  7.4
Throwing       | 3 4 |  4.4
Fighting       | |  2.1
Dodging        | |  1.2

Action                     |  1- 3 |  4- 6 || total
---------------------------+-------+-------++-------
  Melee: Dagger            |    74 |   101 ||   175
         Short sword       |       |    23 ||    23
         Punch             |       |     1 ||     1
  Throw: Dart              |    13 |    27 ||    40
    Use: Scroll            |       |     6 ||     6
         Potion            |       |     5 ||     5
   Stab: Sleeping          |    14 |    16 ||    30
 Armour: Robe              |     4 |       ||     4
         Leather armour    |    10 |    48 ||    58
  Dodge: Dodged            |    26 |    70 ||    96
